 Dungeon Crawl Stone Soup version 0.29.1-1-gd02db6906a (webtiles) character file.

Game seed: 10929970101546456370

229093 Du3lingdragon the Severer (level 19, -7/187 HPs)
             Began as a Tengu Fighter on Oct 2, 2022.
             Was a High Priest of Trog.
             Mangled by an emperor scorpion (24 damage)
             ... on level 4 of the Spider Nest.
             The game lasted 02:38:17 (38939 turns).

Du3lingdragon the Severer (Tengu Fighter)          Turns: 38939, Time: 02:38:17

Health: -7/187     AC: 29    Str: 21 (22) XL:     19   Next: 43%
Magic:  0/20       EV:  2    Int:  8 (9)  God:    Trog [*****.]
Gold:   1920       SH: 21    Dex: 13 (14) Spells: 18/18 levels left

rFire   . . .      SeeInvis .   a - +9 broad axe (flame)
rCold   . . .      Faith    .   v - +2 tower shield {reflect}
rNeg    . . .      Spirit   +   (body armour currently unavailable)
rPois   +          Reflect  +   (helmet currently unavailable)
rElec   .          Harm     .   (cloak currently unavailable)
rCorr   +          Rampage  .   (gloves currently unavailable)
Will    +++..      Clarity  +   (boots unavailable)
Stlth   +......... NoTele   +   L - amulet of the Fifty Planets {Spirit Slay+2}
HPRegen 1.41/turn               n - ring of resist corrosion
MPRegen 0.17/turn               K - ring of poison resistance

@: mighty, tree-form, strong-willed, regenerating
A: stationary, stasis, torment immunity, boosted hp, (beak), (talons 3), nimble
flight, (antennae 1), clarity, weak 1
}: 1/15 runes: decaying
a: Renounce Religion, Berserk, Trog's Hand, Brothers in Arms


You were on level 4 of the Spider Nest.
You worshipped Trog.
Trog was extremely pleased with you.
You were a tree.
You visited 7 branches of the dungeon, and saw 32 of its levels.
You visited the Abyss 1 time.
You also visited: Sewer, Gauntlet, Ice Cave and Volcano.

You collected 3230 gold pieces.
You spent 1310 gold pieces at shops.

Inventory:

Hand Weapons
 a - a +9 broad axe of flaming (weapon)
 b - the +4 war axe "Ummureab" {elec, rC+}
   (You found it on level 7 of the Dungeon)

   It occasionally discharges a powerful burst of electricity upon striking a
   foe.
   rC:        It protects you from cold.
Missiles
 A - 5 silver javelins
 M - 4 javelins (quivered)
Armour
 j - a +2 hat (melded)
 r - the +1 pair of gloves of Zouj Ine (melded) {rN+ Regen+ Int-2}
   (You bought it in a shop on level 3 of the Dungeon)

   Int:       It affects your intelligence (-2).
   rN:        It protects you from negative energy.
   Regen:     It increases your rate of health regeneration.
 u - the +2 scale mail of Life {rElec rN+ Int-3 Dex+4}
   (You found it on level 4 of the Dungeon)

   Int:       It affects your intelligence (-3).
   Dex:       It affects your dexterity (+4).
   rElec:     It insulates you from electricity.
   rN:        It protects you from negative energy.
 v - a +2 tower shield of reflection (worn)
 U - a +2 cloak of fire resistance (melded)
 W - a +5 plate armour of fire resistance (melded)
Jewellery
 n - a ring of resist corrosion (left branch)
 D - a ring of protection from cold
 H - a +4 ring of slaying
 K - a ring of poison resistance (right branch)
 L - the amulet of the Fifty Planets (around neck) {Spirit Slay+2}
   (You found it in a Gauntlet)

   [amulet of guardian spirit]

   It causes incoming damage to be divided between your reserves of health and
   magic.
   Slay:      It affects your accuracy & damage with ranged weapons and melee
   (+2).
 P - a +6 ring of dexterity
 Z - a ring of willpower
Wands
 e - a wand of charming (14)
 p - a wand of quicksilver (12)
 w - a wand of roots (35)
 x - a wand of digging (28)
 C - a wand of mindburst (14)
 G - a wand of flame (55)
 V - a wand of polymorph (12)
Scrolls
 c - 25 scrolls of identify
 i - 3 scrolls of vulnerability
 m - 6 scrolls of poison
 o - 8 scrolls of teleportation
 y - 4 scrolls of summoning
 B - 5 scrolls of blinking
 J - a scroll of fear
 N - 3 scrolls of butterflies
 R - a scroll of enchant weapon
 Y - 3 scrolls of immolation
Potions
 d - 4 potions of might
 f - 11 potions of curing
 g - 4 potions of heal wounds
 h - 5 potions of attraction
 k - a potion of magic
 q - 5 potions of invisibility
 s - a potion of ambrosia
 z - 2 potions of mutation
 F - 2 potions of berserk rage
 Q - a potion of cancellation
 S - 2 potions of haste
 T - 3 potions of resistance
 X - 5 potions of lignification
Miscellaneous
 l - a phantom mirror
 t - a tin of tremorstones (1/2)
 I - a phial of floods
 O - a box of beasts (inert)


   Skills:
 + Level 16.3 Fighting
 - Level 18.0 Axes
 - Level 18.0 Armour
 * Level 14.5 Dodging
 - Level 16.0 Shields
 - Level 6.0 Evocations


You had 18 spell levels left.
You didn't know any spells.
Your spell library contained the following spells:

 Spells                   Type           Power      Damage    Failure   Level
 Apportation              Tloc           0%         N/A       80%         1
 Necrotise                Necr           0%         1d4       80%         1
 Summon Small Mammal      Summ           0%         N/A       80%         1


Dungeon Overview and Level Annotations

Branches:
Dungeon (15/15)            Temple (1/1) D:5            Lair (5/5) D:8
  Swamp (4/4) Lair:2       Spider (4/4) Lair:2        Slime (0/5) Lair:4
    Orc (2/2) D:11            Elf (1/3) Orc:2        Vaults (0/5) D:13
  Sewer (visited)           IceCv (visited)         Volcano (visited)
Gauntlet (visited)
 Depths: D:15

Altars:
Ashenzari
Cheibriados
Dithmenos
Elyvilon
Fedhas
Gozag
Hepliaklqana
Kikubaaqudgha
Makhleb
Nemelex Xobeh
Okawaru
Qazlal
Ru
Sif Muna
Trog
Uskayaw
Vehumet
Wu Jian
Xom
Yredelemnul
Zin
The Shining One

Shops:
D:3 (:[(!   D:4 *   D:7 *   D:10 =   D:14 :=   Orc:2 (?:*

Portals:
Pandemonium: Orc:2


Innate Abilities, Weirdness & Mutations

You are a tree.
Your roots penetrate the ground, keeping you stationary.
You cannot be teleported.
You are immune to unholy pain and torment.
Your maximum health is greatly increased.
Your equipment is partially melded.
((You have a beak for a mouth.))
((You have claws for feet.))
Your magical nature lets you fly swiftly and evasively.
((You have a pair of small antennae on your head.))
You possess an exceptional clarity of mind.
You are weak. (Str -2)


Message History

You block the emperor scorpion's attack. x2
The emperor scorpion claws you but does no damage. x2
Your cyclops goes berserk!
You block the emperor scorpion's attack. x2
The emperor scorpion claws you but does no damage.
The emperor scorpion stings you but does no damage.
You block the emperor scorpion's attack.
The emperor scorpion claws you but does no damage.
Your skin crawls.
You feel strong-willed.
You block the emperor scorpion's attack. x2
The emperor scorpion claws you!
* * * LOW HITPOINT WARNING * * *
The emperor scorpion stings you but does no damage.
The emperor scorpion claws you but does no damage.
The emperor scorpion claws you.
* * * LOW HITPOINT WARNING * * *
You slash the emperor scorpion! You burn the emperor scorpion.
The emperor scorpion is severely wounded.
The emperor scorpion stings you!!
* * * LOW HITPOINT WARNING * * *
You block the emperor scorpion's attack.
The emperor scorpion claws you but does no damage.
Your cyclops hits the emperor scorpion!
You feel much better. The emperor scorpion stings you!!
* * * LOW HITPOINT WARNING * * *
You block the emperor scorpion's attack. x2
A jumping spider comes into view.
The emperor scorpion stings you!!
* * * LOW HITPOINT WARNING * * *
You are lethally poisoned!
The emperor scorpion poisons you! The emperor scorpion claws you.
* * * LOW HITPOINT WARNING * * *
The emperor scorpion claws you but does no damage.
Your cyclops barely misses the emperor scorpion.
You cannot blink because you are held in place by your roots.
You feel better.
You block the emperor scorpion's attack. x3
The jumping spider leaps!
The emperor scorpion stings you!!
You die... #^~# #...# ##~# ##..## ≈≈°~.^# #≈~# #...# ...s. ~.## #...# [^††# ~## #...# [!~.# ..## #...## #wss#

#~≈#
#.~..#
#ys# #~≈#
#....###s#
#^~#
#....†.♣C#
#~≈#
##.....~.#
~~##
##...~^##
~.#
##.^..#
### ######


You could see 2 emperor scorpions, a steelbarb worm, a moth of wrath, an orb
spider (charged), a culicivora, a jumping spider and a friendly cyclops
(summoned, berserk).

Vanquished Creatures
  Arachne (Spider:2)
  Rupert (D:13)
  3 tentacled starspawn (Abyss:2)
  Kirke (Spider:2)
  A tengu reaver (D:11)
  Donald (Spider:2)
  Agnes (D:14)
  2 ghost moths
  6 emperor scorpions
  Louise (D:14)
  2 very ugly things (Abyss:2)
  2 broodmothers (Spider:2)
  7 eleionomae
  8 entropy weavers
  A minotaur (Gauntlet)
  4 bunyips
  2 spark wasps
  2 ettins
  2 shambling mangroves
  17 hydras
  A yaktaur captain (D:11)
  2 jorogumos (Spider:2)
  3 ice dragons (Swamp:4)
  12 boulder beetles
  Harold (Orc:1)
  2 demonspawn (Orc:2)
  2 vault guards (D:13)
  2 radroaches
  16 two-headed ogres
  A catoblepas (Lair:5)
  4 centaur warriors
  2 ogre magi
  A ghost crab (Swamp:1)
  4 dancing weapons
  8 alligators
  A deep troll earth mage (D:11)
  2 thrashing horrors (Abyss:2)
  3 orc high priests (Orc:2)
  Nergalle (Lair:1)
  A hell knight (Volcano)
  A deep elf knight (Elf:1)
  2 wretched stars (Abyss:2)
  5 pharaoh ants
  2 sun moths
  2 goliath frogs
  2 sixfirhies (Abyss:2)
  2 spriggan druids
  A large abomination (Abyss:2)
  5 orb spiders
  5 steelbarb worms
  3 flayed ghosts (D:11)
  An anaconda zombie (Abyss:2)
  5 bog bodies
  3 wizards (D:13)
  2 lindwurms
  A deep elf archer (Elf:1)
  3 deep elf zephyrmancers
  4 orc knights (Orc:2)
  5 swamp dragons
  3 deep elf pyromancers
  A will-o-the-wisp (Swamp:3)
  32 wolf spiders
  3 moths of wrath
  3 cyclopes
  2 oklob plants (Spider:1)
  9 ugly things
  11 orc sorcerers (Orc:2)
  A manticore (D:12)
  2 black mambas
  8 elephants
  An ice statue (IceCv)
  3 smoke demons (Orc:2)
  A guardian serpent (Lair:1)
  9 torpor snails
  An orange demon (Orc:2)
  2 unseen horrors
  11 cane toads
  5 rime drakes
  13 demonic crawlers
  An anaconda simulacrum (IceCv)
  5 freezing wraiths
  An ice devil (IceCv)
  12 komodo dragons
  An ancient zyme (Abyss:2)
  5 polar bears (Lair:5)
  4 trolls
  3 meliai (Spider:2)
  A queen bee (Gauntlet)
  13 tyrant leeches
  24 hornets
  16 tarantellas
  A polar bear (shapeshifter) (Abyss:2)
  A bloated husk (Swamp:1)
  2 raiju (Abyss:2)
  14 dream sheep
  5 slime creatures (D:13)
  29 blink frogs
  5 starcursed masses (Abyss:2)
  35 jumping spiders
  A shadow (D:9)
  20 spriggans
  A wraith (D:12)
  A ynoxinul (Abyss:2)
  28 culicivoras
  3 wyverns
  2 fire elementals (Orc:2)
  4 basilisks
  2 chaos spawn
  20 humans (D:13)
  62 yaks
  5 steam dragons
  4 small abominations (Abyss:2)
  4 swamp worm simulacra (Swamp:4)
  3 hogs (Spider:2)
  88 redbacks
  A neqoxec (Orc:2)
  7 vampire mosquitoes
  4 death yak simulacra (IceCv)
  A harpy simulacrum (IceCv)
  Edmund (D:4)
  15 swamp worms
  5 wargs
  21 hydra simulacra
  10 water moccasins
  23 orc warriors
  4 black bears
  3 swamp drakes (Swamp:4)
  9 ogres
  6 centaurs
  25 wolves
  6 boggarts
  A phantom (D:4)
  A kobold brigand (D:10)
  17 bullfrogs
  A necrophage (D:4)
  4 two-headed ogre simulacra (IceCv)
  3 gnoll sergeants
  4 scorpions
  2 cane toad simulacra (IceCv)
  8 wights
  An elephant simulacrum (IceCv)
  5 killer bees (Gauntlet)
  3 howler monkeys
  An electric eel (D:6)
  2 jellies
  A quasit (D:4)
  4 hounds
  34 orc priests
  An iron imp (Abyss:2)
  Jessica (D:2)
  21 orc wizards
  4 iguanas
  4 polar bear simulacra (IceCv)
  8 spriggan simulacra (IceCv)
  5 troll simulacra (IceCv)
  A wolf simulacrum (IceCv)
  20 gnolls
  15 adders
  6 naga simulacra (IceCv)
  5 river rats
  3 shadow imps (D:6)
  5 white imps
  13 ufetubi
  4 swamp drake simulacra (Swamp:4)
  4 worms
  2 dart slugs
  79 orcs
  4 bats
  7 endoplasms
  4 giant cockroaches
  6 hobgoblins
  9 jackals
  4 quokkas
  5 ball pythons
  6 frilled lizards
  18 goblins
  17 kobolds
  17 rats
  A bush (D:11)
1267 creatures vanquished.

Vanquished Creatures (collateral kills)
  An orc knight (Orc:2)
  A warg (Orc:2)
  An orc warrior (Orc:2)
3 creatures vanquished.

Vanquished Creatures (others)
  Sonja (D:13)
  A goliath frog (Swamp:1)
  A wolf spider (Spider:4)
  A bloated husk (Swamp:4)
  A swamp worm (Swamp:4)
  A boggart (D:14)
  A small abomination (Abyss:2)
  An ufetubus (IceCv)
  2 demonic plants (D:4)
  8 foxfires (Swamp:4)
  34 fungi
  55 plants
  10 starspawn tentacles (Abyss:2)
117 creatures vanquished.

Grand Total: 1387 creatures vanquished

Notes
Turn   | Place    | Note
-------+----------+-------------------------------------------
     0 | D:1      | Du3lingdragon the Tengu Fighter began the quest for the
                  | Orb.
     0 | D:1      | Reached XP level 1. HP: 14/14 MP: 2/2
    83 | D:1      | Reached XP level 2. HP: 11/19 MP: 3/3
   688 | D:1      | Found a faded altar of an unknown god.
   713 | D:1      | Reached XP level 3. HP: 23/23 MP: 4/4
  1331 | D:2      | Noticed Jessica
  1337 | D:2      | Killed Jessica
  1338 | D:2      | Reached XP level 4. HP: 13/28 MP: 5/5
  2100 | D:2      | Gained mutation: Your magical nature lets you fly swiftly
                  | and evasively. [Tengu growth]
  2100 | D:2      | Reached XP level 5. HP: 25/32 MP: 6/6
  2439 | D:3      | Found Tisuofec's Antique Armour Shop.
  2448 | D:3      | Bought a pair of translucent gloves for 190 gold pieces
  2448 | D:3      | Identified the +1 pair of gloves of Zouj Ine {rN+ Regen+
                  | Int-2} (You bought it in a shop on level 3 of the Dungeon)
  2617 | D:3      | Found Zista's Antique Weapon Emporium.
  2798 | D:3      | Found Ramues's Antique Weapon Emporium.
  2850 | D:3      | Found Xusmaf's Distillery.
  3013 | D:3      | Found Gutaan Barupp's Book Shoppe.
  3257 | D:4      | Noticed Edmund
  3268 | D:4      | Killed Edmund
  3269 | D:4      | Reached skill level 5 in Axes
  3269 | D:4      | Reached XP level 6. HP: 15/37 MP: 7/7
  3411 | D:4      | Reached XP level 7. HP: 35/40 MP: 8/8
  3587 | D:4      | Identified the +2 scale mail of Life {rElec rN+ Int-3
                  | Dex+4}
  3750 | D:4      | Found Reecletoid's CLEARANCE SALE!.
  3786 | D:4      | Bought an amulet of reflection for 60 gold pieces
  4178 | D:5      | Entered Level 5 of the Dungeon
  4535 | D:5      | Reached skill level 5 in Armour
  4535 | D:5      | Reached XP level 8. HP: 31/46 MP: 9/9
  4574 | D:5      | Found a staircase to the Ecumenical Temple.
  4583 | Temple   | Entered the Ecumenical Temple
  4583 | Temple   | Found a transporter.
  4583 | Temple   | Found a transporter.
  4585 | Temple   | Found a transporter.
  4585 | Temple   | Found a transporter.
  4604 | Temple   | Became a worshipper of Trog the Wrathful
  5156 | D:5      | Reached skill level 1 in Dodging
  5362 | D:6      | Reached * piety under Trog
  5369 | D:6      | Found a glowing drain.
  5376 | Sewer    | Entered a sewer
  6164 | D:6      | Found a shimmering blue altar of Sif Muna.
  6434 | D:6      | Reached skill level 5 in Fighting
  6441 | D:6      | Reached ** piety under Trog
  6694 | D:6      | Found a shadowy altar of Dithmenos.
  6775 | D:7      | Reached XP level 9. HP: 55/55 MP: 10/10
  6924 | D:7      | Identified the +4 war axe "Ummureab" {elec, rC+}
  7288 | D:7      | Found Aphynon's Assorted Antiques.
  7320 | D:7      | Bought a golden ring for 140 gold pieces
  7640 | D:8      | Reached skill level 5 in Dodging
  7833 | D:8      | Found a staircase to the Lair.
  7834 | D:8      | Noticed a komodo dragon
  7864 | D:8      | Killed a komodo dragon
  8045 | D:8      | Found a faded altar of an unknown god.
  8045 | D:8      | Found a faded altar of an unknown god.
  8049 | D:8      | Reached *** piety under Trog
  8055 | D:8      | Found a glowing silver altar of Zin.
  8057 | D:8      | Found a radiant altar of Vehumet.
  8060 | D:8      | Found a hide-covered altar of Uskayaw.
  8281 | D:9      | Identified a scroll of acquirement
  8281 | D:9      | Acquired a +1 tower shield of reflection
  8331 | D:9      | Reached skill level 5 in Shields
  8354 | D:9      | Reached XP level 10. HP: 59/65 MP: 11/11
  8377 | D:9      | Found a flagged portal.
  8405 | D:9      | Identified the +7 quarterstaff of Fate {drain, *Slow Str+6
                  | SInv}
  8839 | D:9      | Reached skill level 10 in Fighting
  9039 | D:9      | Noticed a two-headed ogre
  9044 | D:9      | Killed a two-headed ogre
  9045 | D:9      | Reached XP level 11. HP: 73/73 MP: 12/12
  9760 | D:10     | Entered Level 10 of the Dungeon
  9892 | D:10     | Reached **** piety under Trog
 10162 | D:10     | Noticed a two-headed ogre
 10168 | D:10     | Killed a two-headed ogre
 10198 | D:10     | Found Eprush's Jewellery Shoppe.
 10532 | D:10     | Noticed a two-headed ogre
 10537 | D:10     | Killed a two-headed ogre
 10640 | D:11     | Noticed a two-headed ogre
 10644 | D:11     | Killed a two-headed ogre
 10765 | D:11     | Found a staircase to the Orcish Mines.
 10874 | D:11     | Noticed a two-headed ogre
 10875 | D:11     | Noticed a brown ugly thing
 10884 | D:11     | Killed a two-headed ogre
 10887 | D:11     | Killed a brown ugly thing
 10888 | D:11     | Reached skill level 10 in Shields
 11033 | D:11     | Noticed a deep elf zephyrmancer
 11033 | D:11     | Noticed a flayed ghost
 11033 | D:11     | Noticed a tengu reaver
 11034 | D:11     | Noticed a flayed ghost
 11034 | D:11     | Found a runed translucent door.
 11036 | D:11     | Noticed a yaktaur captain
 11036 | D:11     | Noticed a deep troll earth mage
 11036 | D:11     | Noticed an ettin
 11036 | D:11     | Noticed a flayed ghost
 11476 | Orc:1    | Entered Level 1 of the Orcish Mines
 11482 | Orc:1    | Noticed Harold
 11696 | Orc:1    | Noticed an ogre mage
 11697 | Orc:1    | Noticed a two-headed ogre
 11699 | Orc:1    | Noticed a two-headed ogre
 11699 | Orc:1    | Noticed a two-headed ogre
 11703 | Orc:1    | Noticed a two-headed ogre
 11710 | Orc:1    | Killed Harold
 11710 | Orc:1    | Killed an ogre mage
 11711 | Orc:1    | Reached skill level 10 in Axes
 11711 | Orc:1    | Reached XP level 12. HP: 43/81 MP: 13/13
 11711 | Orc:1    | Killed a two-headed ogre
 11712 | Orc:1    | Killed a two-headed ogre
 11713 | Orc:1    | Killed a two-headed ogre
 11714 | Orc:1    | Killed a two-headed ogre
 12017 | Lair:1   | Entered Level 1 of the Lair of Beasts
 12042 | Lair:1   | Noticed Nergalle
 12053 | Lair:1   | Killed Nergalle
 12166 | Lair:1   | Found a gate leading to a gauntlet.
 12171 | Lair:1   | Noticed a four-headed hydra
 12175 | Gauntlet | Entered a Gauntlet
 12175 | Gauntlet | Found a transporter.
 12175 | Gauntlet | Found a transporter.
 12179 | Gauntlet | Found a transporter.
 12179 | Gauntlet | Found a transporter.
 12200 | Gauntlet | Found a transporter.
 12205 | Gauntlet | Found a transporter.
 12208 | Gauntlet | Found a transporter.
 12211 | Gauntlet | Noticed an entropy weaver
 12213 | Gauntlet | Found a transporter.
 12232 | Gauntlet | Found a transporter.
 12239 | Gauntlet | Found a transporter.
 12257 | Gauntlet | Found a transporter.
 12286 | Gauntlet | Found a transporter.
 12297 | Gauntlet | Found a transporter.
 12317 | Gauntlet | Found a transporter.
 12411 | Gauntlet | Found a transporter.
 12425 | Gauntlet | Found a transporter.
 12592 | Gauntlet | Paralysed by a hornet for 3 turns
 12758 | Gauntlet | Identified the amulet of the Fifty Planets {Spirit Slay+2}
 12858 | Gauntlet | Noticed a minotaur
 12867 | Gauntlet | Killed a minotaur
 12884 | Lair:1   | Killed a seven-headed hydra
 12912 | Lair:1   | Noticed a boulder beetle
 12945 | Lair:1   | Killed a boulder beetle
 12946 | Lair:1   | Reached XP level 13. HP: 86/86 MP: 14/14
 13001 | Lair:1   | Found the +3 pair of seven-league boots {Rampage+∞}
 13307 | Lair:2   | Paralysed by a hornet for 1 turns
 13313 | Lair:2   | Reached skill level 15 in Axes
 13547 | Lair:2   | Identified the +0 chain mail of the Fletcher {Stlth+}
 13560 | Lair:2   | Found a staircase to the Swamp.
 14212 | Lair:2   | Found a hole to the Spider Nest.
 14330 | Lair:3   | Reached ***** piety under Trog
 14900 | Lair:3   | Reached XP level 14. HP: 92/92 MP: 15/15
 15276 | Lair:4   | Found a staircase to the Slime Pits.
 15677 | Lair:4   | Reached skill level 10 in Dodging
 15692 | Lair:4   | Reached skill level 10 in Armour
 16228 | Orc:2    | Entered Level 2 of the Orcish Mines
 16232 | Orc:2    | Received a gift from Trog
 16257 | Orc:2    | Found a staircase to the Elven Halls.
 16285 | Orc:2    | Found a dark tunnel.
 16296 | Volcano  | Entered a volcano
 16763 | D:10     | Bought a ring of protection from cold for 300 gold pieces
 17746 | Orc:2    | Lost intelligence.
 17749 | Orc:2    | Gained mutation: You sometimes lose your temper in combat.
                  | [a neqoxec]
 17751 | Orc:2    | Gained mutation: Potions are less effective at restoring
                  | your health. [a neqoxec]
 17752 | Orc:2    | Lost mutation: Potions are less effective at restoring your
                  | health. [a neqoxec]
 17754 | Orc:2    | Gained mutation: You are weak. (Str -2) [a neqoxec]
 18856 | Orc:2    | Received a gift from Trog
 18880 | Orc:1    | Lost mutation: You are weak. (Str -2) [potion of mutation]
 18880 | Orc:1    | Lost mutation: You sometimes lose your temper in combat.
                  | [potion of mutation]
 18880 | Orc:1    | Gained mutation: You sometimes lose your temper in combat.
                  | [potion of mutation]
 18880 | Orc:1    | Gained mutation: You have a pair of small horns on your
                  | head. [potion of mutation]
 18892 | Orc:2    | Found Tiului's Magic Scroll Emporium.
 18895 | Orc:2    | Found Guytuzua's General Store.
 19241 | D:3      | Bought a potion of mutation for 80 gold pieces
 19241 | D:3      | Bought a potion of might for 40 gold pieces
 19243 | D:3      | Lost mutation: You have a pair of small horns on your head.
                  | [potion of mutation]
 19243 | D:3      | Lost mutation: You sometimes lose your temper in combat.
                  | [potion of mutation]
 19243 | D:3      | Gained mutation: You have a pair of small antennae on your
                  | head. [potion of mutation]
 19243 | D:3      | Gained mutation: You possess an exceptional clarity of
                  | mind. [potion of mutation]
 20057 | Orc:2    | Gained mutation: You are weak. (Str -2) [a neqoxec]
 20263 | Orc:2    | Reached XP level 15. HP: 100/100 MP: 14/16
 20841 | Orc:2    | Found Sucwog's Antique Weapon Boutique.
 20841 | Orc:2    | Found Zaef Woulo's Book Shop.
 20841 | Orc:2    | Found a one-way gate leading to the halls of Pandemonium.
 20844 | Orc:2    | Paralysed by an orc sorcerer for 2 turns
 21259 | Lair:5   | Entered Level 5 of the Lair of Beasts
 21324 | Lair:4   | Reached skill level 1 in Evocations
 21329 | Lair:4   | Received a gift from Trog
 22356 | Lair:5   | Found a hide-covered altar of Uskayaw.
 22358 | Lair:5   | Found an ornate altar of the Wu Jian Council.
 22507 | Lair:5   | Reached ****** piety under Trog
 22825 | D:11     | Killed a tengu reaver
 22830 | D:11     | Reached skill level 15 in Armour
 22844 | D:11     | Identified the +6 war axe "Noohenugor" {vorpal, *Corrode
                  | Str+8} (Trog gifted it to you on level 11 of the Dungeon)
 22844 | D:11     | Received a gift from Trog
 22850 | D:11     | Reached XP level 16. HP: 82/107 MP: 11/17
 22889 | D:11     | Identified the +2 ring mail of Theory {rPois rCorr}
 22895 | D:11     | Identified the +4 shortbow "Caklax Haok" {freeze, rPois rF-
                  | Str+3 Int+4}
 23382 | D:3      | Bought a potion of cancellation for 80 gold pieces
 23382 | D:3      | Bought a potion of lignification for 30 gold pieces
 23382 | D:3      | Bought 2 potions of curing for 60 gold pieces
 23382 | D:3      | Bought a potion of lignification for 30 gold pieces
 23599 | D:10     | Bought a ring of willpower for 300 gold pieces
 24271 | D:13     | Found a frozen archway.
 24286 | IceCv    | Entered an ice cave
 25014 | IceCv    | Received a gift from Trog
 25127 | D:13     | Reached skill level 15 in Fighting
 25147 | D:13     | Found a gate to the Vaults.
 25458 | D:13     | Noticed Rupert
 25476 | D:13     | Killed Rupert
 25677 | D:13     | Noticed Sonja
 25708 | D:13     | Killed Sonja
 26062 | D:14     | Found Jiniss's Book Boutique.
 26178 | D:14     | Noticed Agnes
 26185 | D:14     | Killed Agnes
 26325 | D:14     | Found a radiant altar of Vehumet.
 26449 | D:14     | Noticed Louise
 26459 | Abyss:2  | Cast into level 2 of the Abyss (Louise)
 26551 | Abyss:2  | Found a snail-covered altar of Cheibriados.
 26559 | Abyss:2  | Found a snail-covered altar of Cheibriados.
 26559 | Abyss:2  | Found a snail-covered altar of Cheibriados.
 26566 | Abyss:2  | Noticed a tentacled starspawn
 26636 | Abyss:2  | Noticed a tentacled starspawn
 26641 | Abyss:2  | Killed a tentacled starspawn
 26641 | Abyss:2  | Received a gift from Trog
 26814 | Abyss:2  | Noticed a tentacled starspawn
 26821 | Abyss:2  | Killed a tentacled starspawn
 26825 | Abyss:2  | Noticed a tentacled starspawn
 26830 | Abyss:2  | Killed a tentacled starspawn
 26867 | Abyss:2  | Found a broken altar of Ashenzari.
 26877 | Abyss:2  | Found a broken altar of Ashenzari.
 26877 | Abyss:2  | Found a broken altar of Ashenzari.
 26884 | Abyss:2  | Noticed a tentacled starspawn
 26929 | Abyss:2  | Found a corrupted altar of Lugonu.
 27020 | D:14     | Escaped the Abyss
 27035 | D:14     | Killed Louise
 27036 | D:14     | Reached XP level 17. HP: 115/115 MP: 11/18
 27221 | D:14     | Found Yxecw's Jewellery Boutique.
 27317 | D:15     | Entered Level 15 of the Dungeon
 27862 | Elf:1    | Entered Level 1 of the Elven Halls
 28296 | Swamp:1  | Entered Level 1 of the Swamp
 28744 | Swamp:1  | Received a gift from Trog
 29034 | Swamp:2  | Identified the +1 robe of Tartarus {rN+ rCorr MP+9 Dex+3}
 29754 | Swamp:4  | Entered Level 4 of the Swamp
 30703 | Swamp:4  | Received a gift from Trog
 31521 | Swamp:4  | Got a decaying rune of Zot
 31689 | Spider:1 | Entered Level 1 of the Spider Nest
 31810 | Lair:2   | Reached XP level 18. HP: 112/120 MP: 16/19
 31999 | Spider:1 | Received a gift from Trog
 33741 | Spider:2 | Noticed Kirke
 33938 | Spider:2 | Killed Kirke
 34283 | Spider:2 | Identified the +4 broad axe of Law {flame, rF+ rCorr Int-3
                  | Stlth+} (Trog gifted it to you on level 2 of the Spider
                  | Nest)
 34283 | Spider:2 | Received a gift from Trog
 34466 | Spider:2 | Identified the +5 trident of Siuv {spect, rF+ rN+ Stlth+}
 34722 | Spider:2 | Noticed Arachne
 34739 | Spider:2 | Killed Arachne
 35585 | Spider:3 | Noticed Donald
 35805 | Spider:2 | Killed Donald
 35806 | Spider:2 | Reached skill level 5 in Evocations
 36310 | Spider:3 | Reached XP level 19. HP: 120/125 MP: 20/20
 36570 | Spider:3 | Reached skill level 15 in Shields
 36649 | Spider:3 | Received a gift from Trog
 36907 | Spider:3 | Identified the +0 robe of Cirph {Int+3}
 37365 | Spider:4 | Entered Level 4 of the Spider Nest
 38604 | Spider:4 | Identified the +3 scale mail of the Accordion {rPois rF+
                  | Dex-3}
 38893 | Spider:4 | Received a gift from Trog
 38938 | Spider:4 | HP: 8/187 [emperor scorpion (5)]
 38939 | Spider:4 | Mangled by an emperor scorpion

Illustrated notes

Levels and vault maps discovered:
D:1:      moated_graveyard_arrival, layout_basic,
          hellmonk_ecumenical_altar_lost_god
D:2:      layout_basic, minmay_split_cup_large, uniq_jessica
D:3:      layout_loops_cross, serial_shops, shop_statue, nicolae_diamond_shop,
          nicolae_shop_advertising_works [nicolae_subvault_shop_adworks],
          shop_fountains, nicolae_shop_trees, serial_glass, glass_columns_a,
          glass_columns_a, serial_bayou_crossing
D:4:      layout_loops_ring, serial_demonic, serial_demonic_f, serial_demonic_c,
          serial_demonic_g, serial_demonic_a, nicolae_hexahallways,
          nicolae_shop_clearance, uniq_edmund
D:5:      layout_cave_pools, minmay_temple_entry_proselytizer
D:6:      layout_loops_cross, mainiacjoe_overflow_paths,
          grunt_dithmenos_shadows, portal_sewer_entry_e, serial_bayou_pond_b
D:7:      layout_loops_ring, serial_shops,
          nicolae_shop_competitors_out_of_business
D:8:      layout_gridville, chequers_temple_overflow_minitemple,
          david_lair_shrubbed
D:9:      layout_layer_cave, enter_bailey_8
D:10:     layout_loops_ring, serial_shops, nicolae_stop_n_shop_2,
          grunt_decor_resistance
D:11:     minmay_gate_of_8, layout_loops_cross, orc_0_dummy,
          kb_lookout_dungeons_type
D:12:     layout_loops_corners
D:13:     layout_long_grid, grunt_vaults_entry_tiered,
          portal_ice_cave_entry_pillars_1, uniq_rupert, uniq_sonja
D:14:     layout_gridville, basic_altar, serial_shops, shop, shop, uniq_agnes,
          uniq_louise
D:15:     grunt_enter_depths_magical_seal, layout_loops_cross,
          hangedman_abyss_or_decor_passed, nicolae_shop_vocational
Temple:   hellmonk_temple_divided_pantheon
Lair:1:   layout_roguey, gauntlet_entry_generic, dreamdust_mushroom_princess,
          hellmonk_guarded_unrand_seven_league_boots, uniq_nergalle
Lair:2:   layout_regular_city, palyth_hydra_swamp_entry,
          spider_nest_entry_funnel_web, dreamdust_wasp_nest
Lair:3:   layout_regular_city, nzn_random_ring
Lair:4:   layout_gridlike, slime_entry_1
Lair:5:   minmay_lair_end_enchanted_forest, layout_loops_ring,
          nzn_masters_of_martial_movement, grunt_megastairs_2
Swamp:1:  layout_basic_swamp, evilmike_swamp_ruin_house_3, swamp_pool1
Swamp:2:  layout_falls_marsh, evilmike_swamp_ruin_house_4
Swamp:3:  layout_basic_swamp, nicolae_swamp_ascending_descending, swamp_pool2
Swamp:4:  swamp_icy, layout_basic_swamp, swamp_pool5
Spider:1: spider_temple_joshua
Spider:2: layout_spider_delve, nicolae_spider_not_touching_you, uniq_arachne,
          uniq_kirke
Spider:3: layout_cave_pods, drop_trap, hellmonk_test_site, uniq_donald
Spider:4: grunt_spider_rune_circles, spiders_nest_spider_trap, uniq_mara
Orc:1:    layout_caves, basic_altar, uniq_harold
Orc:2:    pf_orc_diabolical, layout_caves, nicolae_volcano_entry_lava_flow,
          basic_altar
Elf:1:    minmay_the_grid_octo_tiled_squarecenter [minmay_the_grid_octo_teeth,
          minmay_the_grid_octo_fan_narrow, minmay_the_grid_octo_77,
          minmay_the_grid_octo_checkered,
          minmay_the_grid_square_5x5_megaprize_hollow,
          minmay_the_grid_square_5x5_doubleslash,
          minmay_the_grid_square_5x5_slash, minmay_the_grid_square_5x5_minibox,
          minmay_the_grid_square_5x5_detours], layout_loops_corners,
          basic_altar, minivault_28

Skill      XL: |  1  2  3  4  5  6  7  8  9 10 11 12 13 14 15 16 17 18 19 |
---------------+----------------------------------------------------------+-----
Shields        | 4 5 8 10 12 14 16 | 16.0
Axes           | 3 5 6 8 10 14 15 17 18 | 18.0
Armour         | 5 6 7 9 13 15 17 18 | 18.0
Dodging        | 3 6 9 10 12 13 14 | 14.5
Fighting       | 5 8 10 12 14 15 16 | 16.3
Evocations     | 4 5 6 |  6.0

Action                   |  1- 3 |  4- 6 |  7- 9 | 10-12 | 13-15 | 16-18 | 19-21 || total
-------------------------+-------+-------+-------+-------+-------+-------+-------++-------
Melee: War axe           |    64 |   121 |   366 |   277 |   300 |    16 |       ||  1144
       Peck              |     9 |    15 |    72 |    79 |   154 |   301 |    55 ||   685
       Kick              |    16 |    28 |   121 |    93 |   242 |   478 |    88 ||  1066
       Broad axe         |       |       |       |       |   444 |  1206 |   237 ||  1887
       Headbutt          |       |       |       |       |     2 |       |       ||     2
Throw: Javelin           |       |       |       |       |     2 |     8 |       ||    10
Invok: Berserk           |       |       |     1 |     6 |     7 |    14 |     2 ||    30
       Trog's Hand       |       |       |     1 |     2 |     5 |     6 |     3 ||    17
       Brothers in Arms  |       |       |       |     1 |     1 |       |     1 ||     3
Evoke: Wand              |       |       |       |       |     1 |       |       ||     1
       Tin of tremorston |       |       |       |       |       |     1 |     1 ||     2
       Box of beasts     |       |       |       |       |       |       |     1 ||     1
  Use: Potion            |       |     1 |       |     2 |     4 |     6 |     9 ||    22
       Scroll            |       |       |    23 |     5 |    13 |     8 |       ||    49
 Stab: Distracted        |       |       |       |       |       |       |     2 ||     2
Armor: Scale mail        |    25 |    44 |   138 |    78 |    95 |       |       ||   380
       Plate armour      |       |       |       |       |   189 |   673 |   135 ||   997
       Skin              |       |       |       |       |       |       |    48 ||    48
Dodge: Dodged            |    29 |    57 |   153 |    91 |   263 |   417 |   101 ||  1111
Block: Buckler           |    19 |    25 |   123 |       |       |       |       ||   167
       Tower shield      |       |       |     4 |   228 |   736 |  1211 |   346 ||  2525
       Reflection        |       |       |       |    14 |     8 |    37 |     1 ||    60
